Map: Jagannatha LE

Players

BlysK

  • Race: Protoss Protoss
  • League: Master
  • Spawn Location: 1:00

JusticeSimon - Winner!

  • Race: Protoss Protoss
  • League: Master
  • Spawn Location: 7:00

Event: DreamHack SC2 Masters 2020 Winter

VOD

Have the link to the VOD?

Description

Time

  • Played on: Oct. 16, 2020, 7:54 a.m.
  • Length: 19:20

All games in this series

Show
View Real Time Build Order
Export as new Build Order

BlysK Protoss 

Build Orders: Oracle Opening, Phoenix Opening 

Get SALT Encoding   

  12  0:00  Probe  
  13  0:12  Probe  
  14  0:17  Pylon  
  14  0:24  Probe (Chrono Boost)  
  15  0:36  Probe (Chrono Boost)  
  15  0:37  Gateway  
  16  0:45  Probe (Chrono Boost)  
  16  0:47  Assimilator  
  17  0:50  Probe  
  17  0:55  Assimilator  
  18  1:03  Probe (Chrono Boost)  
  19  1:11  Gateway  
  19  1:15  Probe (Chrono Boost)  
  20  1:22  Probe (Chrono Boost)  
  21  1:26  Cybernetics Core  
  21  1:30  Probe  
  22  1:42  Probe  
  22  1:44  Pylon  
  23  1:54  Pylon  
  23  2:02  Stalker, Warp Gate (Chrono Boost), Probe  
  23  2:03  Sentry  
  28  2:14  Probe  
  29  2:35  Stargate  
  29  2:37  Phoenix  
  29  2:45  Nexus  
  29  2:52  Stalker  
  31  3:00  Stalker  
  33  3:10  Pylon  
  33  3:14  Shield Battery  
  33  3:25  Oracle (Chrono Boost)  
  33  3:28  Probe  
  37  3:34  Twilight Council  
  37  3:40  Probe  
  38  3:52  Probe  
  39  3:57  Adept x2  
  39  4:01  Probe  
  44  4:04  Blink, Probe  
  45  4:13  Probe (Chrono Boost)  
  45  4:16  Probe (Chrono Boost)  
  47  4:22  Pylon  
  48  4:24  Probe (Chrono Boost)  
  48  4:25  Probe (Chrono Boost)  
  48  4:29  Probe (Chrono Boost)  
  50  4:32  Forge  
  50  4:33  Probe  
  51  4:39  Probe  
  52  4:46  Probe  
  52  4:48  Gateway  
  52  4:51  Probe  
  52  4:52  Gateway  
  50  5:00  Probe  
  50  5:01  Protoss Ground Weapons Level 1 (Chrono Boost)  
  51  5:07  Probe  
  51  5:12  Gateway  
  51  5:13  Probe  
  53  5:18  Assimilator, Stalker  
  53  5:19  Stalker  
  57  5:24  Probe  
  57  5:25  Probe  
  57  5:27  Pylon  
  57  5:28  Pylon  
  59  5:34  Phoenix  
  59  5:36  Probe  
  59  5:37  Probe  
  61  5:45  Nexus  
  61  5:48  Probe  
  62  5:54  Stalker, Robotics Facility  
  62  5:55  Probe  
  65  5:59  Shield Battery  
  65  6:01  Probe  
  66  6:05  Assimilator, Stalker  
  66  6:09  Stalker  
  66  6:11  Probe  
  71  6:18  Probe  
  71  6:23  Gateway  
  72  6:26  Gateway  
  72  6:30  Charge, Probe  
  73  6:33  Probe  
  73  6:37  Stalker x2  
  78  6:51  Pylon, Protoss Ground Weapons Level 2 (Chrono Boost)  
  78  6:53  Pylon  
  78  6:57  Pylon, Probe  
  78  6:59  Immortal (Chrono Boost)  
  81  7:04  Robotics Bay, Probe  
  81  7:05  Probe  
  85  7:10  Probe  
  86  7:17  Pylon, Probe x2  
  86  7:22  Probe  
  89  7:27  Warp Prism (Chrono Boost)  
  89  7:29  Probe  
  92  7:31  Zealot x3  
  92  7:32  Zealot  
  100  7:38  Pylon, Zealot  
  100  7:41  Probe  
  103  7:51  Stalker x2  
  104  7:54  Photon Cannon  
  104  7:56  Shield Battery, Dark Shrine  
  104  8:00  Disruptor (Chrono Boost)  
  104  8:01  Pylon  
  107  8:13  Pylon, Zealot x4  
  105  8:26  Disruptor (Chrono Boost)  
  87  8:27  Stalker x2  
  88  8:34  Stalker x4  
  88  8:39  Stalker  
  96  8:42  Shield Battery  
  96  8:44  Shield Battery  
  96  8:46  Pylon  
  96  8:50  Gateway  
  90  8:56  Zealot x2  
  90  8:57  Disruptor (Chrono Boost)  
  90  8:59  Stalker  
  99  9:07  Stalker x2, Zealot x2  
  91  9:17  Stalker x2  
  91  9:25  Stalker  
  91  9:28  Disruptor (Chrono Boost)  
  89  9:33  Stalker x3  
  89  9:38  Stalker  
  100  9:44  Stalker x3  
  100  9:54  Warp Prism (Chrono Boost)  
  102  10:01  Protoss Ground Weapons Level 3 (Chrono Boost)  
  102  10:03  Assimilator  
  102  10:06  Zealot x4  
  108  10:10  Zealot  
  110  10:21  Disruptor (Chrono Boost)  
  110  10:22  Nexus  
  113  10:32  Stalker x2, Sentry  
  113  10:33  Zealot  
  121  10:39  Photon Cannon  
  121  10:43  Photon Cannon  
  121  10:45  Pylon  
  121  10:47  Disruptor (Chrono Boost)  
  121  10:49  Zealot  
  126  11:01  Dark Templar  
  126  11:02  Zealot  
  126  11:03  Dark Templar  
  132  11:07  Zealot x2  
  136  11:12  Disruptor (Chrono Boost)  
  123  11:29  Probe  
  122  11:36  Zealot x2, Probe  
  122  11:37  Zealot x6  
  122  11:38  Probe  
  122  11:39  Pylon  
  140  11:44  Disruptor (Chrono Boost)  
  140  11:46  Photon Cannon  
  140  11:50  Photon Cannon  
  140  11:52  Shield Battery  
  140  11:53  Pylon  
  143  12:06  Dark Templar  
  143  12:07  Dark Templar x3, Zealot x2  
  143  12:08  Zealot x2  
  146  12:15  Disruptor (Chrono Boost)  
  128  12:29  Probe  
  125  12:30  Robotics Facility  
  117  12:44  Disruptor (Chrono Boost)  
  112  12:55  Probe  
  111  12:59  Protoss Ground Armor Level 1 (Chrono Boost)  
  111  13:04  Zealot x2  
  111  13:05  Zealot x6  
  118  13:07  Probe  
  119  13:12  Probe  
  119  13:16  Photon Cannon, Disruptor (Chrono Boost), Probe  
  121  13:20  Disruptor (Chrono Boost)  
  121  13:25  Gateway  
  121  13:26  Gateway, Pylon  
  119  13:33  Dark Templar x2  
  119  13:34  Stalker x3  
  127  13:37  Assimilator  
  129  13:41  Photon Cannon  
  129  13:42  Gateway  
  129  13:51  Disruptor (Chrono Boost)  
  129  13:58  Dark Templar, Zealot  
  129  13:59  Disruptor (Chrono Boost)  
  129  14:00  Zealot x4  
  131  14:11  Stalker x2  
  122  14:20  Stalker, Zealot  
  122  14:21  Zealot x4  
  122  14:23  Zealot  
  99  14:40  Disruptor (Chrono Boost), Zealot x4  
  99  14:41  Disruptor (Chrono Boost)  
  105  14:57  Nexus  
  103  15:06  Disruptor (Chrono Boost)  
  103  15:11  Disruptor (Chrono Boost)  
  109  15:14  Dark Templar  
  109  15:15  Dark Templar  
  109  15:18  Archon  
  113  15:29  Stalker, Zealot  
  113  15:33  Assimilator  
  113  15:35  Disruptor (Chrono Boost)  
  120  15:40  Stalker  
  122  15:45  Stalker  
  122  15:47  Stalker  
  126  15:54  Observer (Chrono Boost)  
  127  16:11  Nexus  
  127  16:17  Warp Prism  
  129  16:21  Pylon  
  126  16:32  Stalker  
  126  16:33  Stalker x3  
  122  16:43  Dark Templar x3  
  128  16:49  Archon  
  128  16:50  Stalker x2  
  132  16:56  Zealot x2  
  132  16:57  Disruptor (Chrono Boost)  
  139  17:09  Stalker x2  
  139  17:10  Zealot  
  145  17:16  Photon Cannon  
  145  17:19  Shield Battery  
  145  17:29  Dark Templar x2, Zealot  
  151  17:36  Stalker x2  
  153  17:48  Zealot x2  
  153  17:49  Zealot  
  157  18:06  Dark Templar x3  
  157  18:07  Zealot x2  
  157  18:08  Zealot  
  157  18:10  Zealot  
  157  18:11  Archon  
  157  18:12  Archon  
  127  18:38  Zealot x6  
  118  18:42  Zealot x3  
  118  18:48  Probe  
  104  18:51  Disruptor (Chrono Boost)  
  85  19:01  Stalker x4  
Show
View Real Time Build Order
Export as new Build Order

JusticeSimon Protoss - Winner!

Build Orders: Blink Stalkers 

Get SALT Encoding   

  12  0:00  Probe  
  13  0:12  Probe  
  14  0:17  Pylon  
  14  0:24  Probe (Chrono Boost)  
  15  0:36  Probe (Chrono Boost)  
  15  0:38  Gateway  
  16  0:44  Probe (Chrono Boost)  
  16  0:47  Assimilator  
  17  0:51  Probe  
  17  0:55  Assimilator  
  18  1:03  Probe (Chrono Boost)  
  19  1:09  Gateway  
  19  1:13  Probe (Chrono Boost)  
  19  1:18  Probe (Chrono Boost)  
  21  1:26  Cybernetics Core  
  21  1:29  Probe  
  22  1:34  Pylon  
  22  1:41  Probe  
  23  1:53  Probe  
  24  1:59  Warp Gate (Chrono Boost)  
  24  2:02  Stalker x2  
  28  2:09  Probe  
  28  2:12  Pylon  
  29  2:21  Pylon, Probe  
  30  2:38  Sentry  
  30  2:41  Sentry  
  34  2:50  Nexus  
  34  2:56  Pylon  
  34  3:03  Probe  
  35  3:07  Sentry  
  35  3:08  Shield Battery  
  37  3:15  Pylon  
  37  3:16  Probe  
  38  3:24  Twilight Council  
  38  3:30  Probe  
  38  3:42  Probe  
  38  3:47  Stalker x2  
  43  3:54  Probe  
  44  3:59  Blink (Chrono Boost)  
  44  4:04  Probe  
  44  4:06  Probe (Chrono Boost)  
  46  4:16  Stalker, Probe (Chrono Boost)  
  50  4:24  Stalker, Probe (Chrono Boost)  
  50  4:26  Probe (Chrono Boost)  
  54  4:31  Probe x2 (Chrono Boost)  
  54  4:33  Forge  
  54  4:37  Shield Battery  
  55  4:43  Probe x2  
  57  4:46  Stalker  
  57  4:52  Shield Battery  
  59  4:56  Probe  
  58  5:01  Probe (Chrono Boost)  
  58  5:06  Stalker  
  59  5:08  Protoss Ground Weapons Level 1 (Chrono Boost)  
  59  5:10  Pylon  
  59  5:14  Probe x2 (Chrono Boost)  
  61  5:20  Probe (Chrono Boost)  
  63  5:22  Probe (Chrono Boost)  
  63  5:27  Assimilator  
  63  5:28  Nexus, Probe  
  64  5:32  Pylon  
  64  5:37  Robotics Facility  
  64  5:40  Probe  
  65  5:43  Pylon  
  65  5:47  Stalker  
  65  5:48  Stalker  
  69  5:55  Gateway  
  69  6:01  Gateway  
  69  6:04  Gateway  
  69  6:10  Gateway, Probe  
  70  6:12  Probe  
  71  6:23  Probe  
  71  6:24  Probe  
  74  6:26  Observer  
  74  6:30  Stalker x2  
  78  6:39  Probe  
  79  6:40  Pylon  
  79  6:41  Probe x2  
  81  6:50  Shield Battery  
  81  6:51  Warp Prism, Probe  
  81  6:53  Probe  
  81  6:54  Probe  
  86  7:03  Probe  
  86  7:05  Probe  
  86  7:06  Assimilator  
  86  7:07  Stalker x3  
  94  7:10  Gateway  
  94  7:15  Stalker  
  96  7:20  Stalker  
  96  7:22  Stalker  
  100  7:29  Protoss Ground Weapons Level 2 (Chrono Boost)  
  100  7:39  Stalker, Pylon  
  100  7:40  Stalker, Pylon  
  100  7:44  Observer  
  105  7:45  Stalker  
  105  7:50  Stalker  
  109  7:54  Stalker x2  
  113  8:07  Stalker x3  
  119  8:19  Stalker  
  117  8:20  Stalker x2  
  111  8:29  Stalker  
  95  8:38  Stalker x2  
  97  8:41  Probe x2  
  97  8:42  Probe  
  97  8:45  Assimilator  
  97  8:46  Zealot x4  
  108  8:53  Probe x2  
  108  8:54  Probe  
  109  8:59  Stalker  
  109  9:04  Stalker x2  
  101  9:14  Stalker x4  
  93  9:35  Stalker x3  
  87  9:44  Charge (Chrono Boost)  
  83  9:49  Stalker x4  
  89  9:53  Gateway  
  89  9:56  Robotics Bay  
  89  10:02  Assimilator  
  89  10:04  Pylon  
  89  10:09  Protoss Ground Weapons Level 3 (Chrono Boost)  
  89  10:10  Shield Battery  
  89  10:17  Probe x3, Immortal (Chrono Boost)  
  96  10:23  Zealot x7  
  109  10:31  Robotics Facility  
  109  10:37  Photon Cannon  
  109  10:38  Photon Cannon  
  109  10:40  Photon Cannon  
  109  10:49  Observer (Chrono Boost)  
  110  10:54  Zealot x3  
  110  10:55  Zealot  
  118  10:58  Dark Shrine  
  118  11:00  Zealot  
  118  11:01  Zealot x2  
  112  11:21  Probe x2  
  112  11:25  Stalker x6  
  116  11:26  Disruptor (Chrono Boost)  
  120  11:39  Disruptor (Chrono Boost)  
  118  11:42  Probe x2  
  118  11:46  Photon Cannon  
  123  11:51  Stalker  
  125  11:55  Pylon  
  125  11:57  Pylon x2  
  125  11:59  Pylon  
  125  12:00  Pylon  
  114  12:22  Zealot x2  
  114  12:29  Observer x2  
  104  12:39  Shield Battery  
  104  12:43  Pylon  
  101  12:49  Pylon  
  101  12:50  Pylon, Disruptor x2  
  102  13:04  Stalker x2  
  102  13:05  Stalker x2  
  106  13:09  Probe x3  
  106  13:12  Photon Cannon  
  109  13:16  Pylon  
  108  13:21  Probe  
  108  13:26  Stalker x2  
  113  13:36  Stalker x3  
  113  13:37  Stalker  
  121  13:47  Probe x2  
  123  13:51  Disruptor x2  
  127  13:57  Photon Cannon  
  127  14:00  Stalker x5  
  137  14:24  Stalker  
  137  14:25  Stalker x3  
  137  14:27  Disruptor x2 (Chrono Boost)  
  127  14:39  Stalker x3  
  103  14:54  Stalker x4  
  111  15:00  Disruptor (Chrono Boost)  
  111  15:01  Disruptor (Chrono Boost)  
  117  15:18  Nexus  
  117  15:31  Disruptor x2 (Chrono Boost)  
  117  15:35  Templar Archives  
  123  15:37  Pylon  
  123  15:51  Shield Battery  
  123  15:56  Disruptor (Chrono Boost)  
  123  15:57  Disruptor (Chrono Boost)  
  123  16:03  Pylon  
  129  16:12  Photon Cannon  
  129  16:14  High Templar x5, Shield Battery  
  139  16:20  Archon x2  
  139  16:28  Nexus  
  139  16:40  High Templar  
  141  16:53  Stalker x6  
  153  16:56  Archon  
  153  17:15  Dark Templar  
  153  17:22  Stalker x4  
  157  17:23  Stalker  
  157  17:24  Stalker  
  167  17:33  Gravitic Boosters  
  167  17:46  Dark Templar x2  
  169  17:55  Zealot x2  
  169  17:56  Zealot  
  175  18:00  Assimilator x2  
  169  18:07  Disruptor x2  
  175  18:14  Zealot x2  
  175  18:17  Zealot x2  
  161  18:40  Stalker x6  
  125  19:10  Nexus  
Tags
 
Add a new tag
Caveats
  • Supply blocks, unpowered buildings, or Contaminate may cause inaccurate times.
  • Supply counts are checked every 10 seconds.